cohdb
Replays
Latest Replays
All Replays
Popular Replays
Top Player Replays
Match Explorer
How It Works
Community
CoH3 Stats
Reddit
Sign in to upload your games and track your stats! →
Sign in with Steam
Match 43522043
Unlisted
Match 43522043
Overview
Messages
Build Orders
End
Panzergrenadier Squad
Selects Armored Support Battlegroup
Panzergrenadier Squad
Construct Light Support Kompanie
Assault Grenadier Squad
Selects Superior Fire Drills
Construct Mechanized Kompanie
8 Rad Armored Car
Vehicle Survival Package
Tungsten Core Ammunition
Panzerjäger Mechanized Group
Selects Flammpanzer III Medium Tank
Flammpanzer III Medium Tank
Selects Salvage Kits
254 Reconnaissance Tractor
Selects Panzer Storm
Selects Command Panzer IV F Medium Tank
Command Panzer IV F Medium Tank
Assault Mechanized Group
Construct Panzerarmee Kommand
Walking Stuka Rocket Launcher
Emergency Repair Kits
companyHOLLAND
nateums
Tok3n x Operator
MonoChrome
0
0
Comments
sign in to comment!
No comments posted yet!